 Dungeon Crawl Stone Soup version 0.31.0-11-ge490571c62 (webtiles) character file.

Game seed: 3790732231341677682

33 qw the Shooter (level 3, -5/18 HPs)
             Began as a Spriggan Hunter on Feb 5, 2024.
             Slain by Terence
             ... wielding a +0 hand axe
              (8 damage)
             ... on level 2 of the Dungeon.
             The game lasted 00:00:13 (915 turns).

qw the Shooter (Spriggan Hunter)                     Turns: 915, Time: 00:00:14

Health: -5/18      AC:  2    Str:  7    XL:     3   Next: 12%
Magic:  4/4        EV: 19    Int: 10    God:
Gold:   62         SH:  0    Dex: 20    Spells: 2/2 levels left

rFire   . . .        a - +0 shortbow
rCold   . . .        (shield currently unavailable)
rNeg    . . .        c - +0 robe
rPois   .            (helmet restricted)
rElec   .            (no cloak)
rCorr   .            (gloves unavailable)
SInv    +            (boots unavailable)
Will    .....        (no amulet)
Stlth   ++           (no ring)
HPRegen 0.23/turn    (no ring)
MPRegen 0.09/turn

%: no passive effects
@: lethally poisoned (-5 -> -6), very quick
A: very small, no large weapons, unfitting armour, see invisible, speed 3
a: no special abilities


You were on level 2 of the Dungeon.
You visited 1 branch of the dungeon, and saw 2 of its levels.

You collected 62 gold pieces.


Innate Abilities, Weirdness & Mutations

You are very small and have problems with some larger weapons.
You are too small for most types of armour.
You have supernaturally acute eyesight. (SInv)
You cover ground extremely quickly. (Speed+++)


   Skills:
 - Level 1.5 Fighting
 + Level 4.5 Ranged Weapons
 - Level 4.0 Dodging
 - Level 1.5 Stealth


You had 2 spell levels left.
You didn't know any spells.
Your spell library was empty.

Inventory:

Hand Weapons
 a - a +0 shortbow (weapon)
Armour
 c - a +0 robe (worn)
Potions
 g - a potion of mutation

Dungeon Overview and Level Annotations

Branches:
Dungeon (2/15)

Altars:

Annotations:
D:2 Terence


Message History

Terence is moderately wounded.
Terence completely misses you.
You shoot an arrow.
The arrow hits Terence but does no damage.
Terence is moderately wounded.
Terence misses you.
An adder comes into view.
You shoot an arrow. The adder hisses angrily.
The arrow hits Terence.
Terence is heavily wounded.
Terence closely misses you.
You shoot an arrow. The arrow hits Terence.
Terence is heavily wounded.
Terence completely misses you. Terence closely misses you.
You shoot an arrow. The arrow barely misses Terence.
The adder completely misses you. Terence hits you but does no damage.
The adder bites you.
You shoot an arrow. The arrow barely misses Terence.
The adder barely misses you. Terence hits you with a +0 hand axe.
You shoot an arrow. The arrow barely misses Terence.
The adder bites you.
You are poisoned.
The adder poisons you! Terence closely misses you.
The adder closely misses you.
You shoot an arrow. The arrow closely misses Terence.
You feel sick. Terence barely misses you. The adder closely misses you.
You shoot an arrow.
The arrow hits Terence but does no damage.
Terence is heavily wounded.
You feel sick. The adder barely misses you.
Terence hits you with a +0 hand axe. The adder closely misses you.
Terence barely misses you.
You shoot an arrow. The arrow closely misses Terence.
You feel sick. The adder closely misses you.
Terence hits you with a +0 hand axe.
You shoot an arrow.
The arrow hits Terence but does no damage.
Terence is heavily wounded.
You feel sick. The adder barely misses you.
Terence hits you with a +0 hand axe!
You die...
Terence says, "That felt goooood."

..# #.# #.# ##+# #.#
##...## #.# ##.....## #.#
##......!## ###.#####
#.......S@###.......######
+........@+...#####.......
#.........###.# #.######
#.......####.# #.#
##...........# #.#
##...######>#####.# ##..#
#.......#
#####..######.##.####
#..........##.##[#
#.......##.##.##%#


You could see Terence and an adder.

Vanquished Creatures
  An adder (D:2)
  A ribbon worm (D:2)
  6 bats
  A giant cockroach (D:1)
  2 goblins (D:2)
  2 hobgoblins (D:1)
  A kobold (D:2)
  2 quokkas (D:2)
  A ball python (D:1)
  2 frilled lizards (D:1)
  3 rats
22 creatures vanquished.

Notes
Turn   | Place    | Note
-------+----------+-------------------------------------------
     0 | D:1      | qw the Spriggan Hunter began the quest for the Orb.
     0 | D:1      | Reached XP level 1. HP: 10/10 MP: 2/2
     0 | D:1      | 0 ||| qw: Version: 0.3-a-160-g6735b56
     0 | D:1      | 0 ||| qw: Game counter: 6208
     0 | D:1      | 0 ||| qw: Melee chars always use a shield: true
     0 | D:1      | 0 ||| qw: God list: Okawaru
     0 | D:1      | 0 ||| qw: Allow faded altars: false
     0 | D:1      | 0 ||| qw: Do Orc after clearing Dungeon:15 true
     0 | D:1      | 0 ||| qw: Do second Lair branch before Depths: true
     0 | D:1      | 0 ||| qw: Lair rune preference: random
     0 | D:1      | 0 ||| qw: Goals: Normal
     0 | D:1      | 0 ||| PLANNING D:1-11
    73 | D:1      | Reached skill level 3 in Dodging
   204 | D:1      | Reached XP level 2. HP: 14/14 MP: 3/3
   634 | D:1      | 634 ||| READING scroll labelled KOYDES AHUUMI.
   635 | D:1      | 635 ||| READING 3 scrolls labelled CUDGHU UNGU.
   635 | D:1      | 635 ||| IDENTIFYING bubbling purple potion
   636 | D:1      | 636 ||| READING 2 scrolls of identify.
   636 | D:1      | 636 ||| IDENTIFYING fuming blue potion
   637 | D:1      | 637 ||| READING scroll of identify.
   637 | D:1      | 637 ||| IDENTIFYING bubbling golden potion
   638 | D:1      | 638 ||| DROPPING scroll of butterflies.
   639 | D:1      | 639 ||| DROPPING potion of lignification.
   640 | D:1      | 640 ||| DROPPING potion of degeneration.
   851 | D:2      | Reached XP level 3. HP: 18/18 MP: 4/4
   899 | D:2      | Noticed Terence
   914 | D:2      | HP: 4/18 [Terence/+0 hand axe (3)]
   915 | D:2      | Slain by Terence

Levels and vault maps discovered:
D:1:      ncdulo_wetmaze, layout_basic
D:2:      layout_loops_corners, minmay_snake_closets, uniq_terence, uniq_natasha

Skill      XL: |  1  2 |
---------------+-------+-----
Dodging        | 3 4 |  4.0
Fighting       | |  1.5
Ranged Weapons | |  4.5
Stealth        | |  1.5

Action                     || total
---------------------------++-------
   Fire: Shortbow          ||    77
    Use: Scroll            ||     4
 Armour: Robe              ||    12
  Dodge: Dodged            ||    31

Table legend:
 A = Non-vault XP
 B = Vault XP
 C = Vault XP percentage of total XP
 D = Non-vault monster count
 E = Vault monster count
 F = Vault count percentage of total count
                 A         B        C        D         E       F
            +---------+---------+-------+---------+---------+-------
      Total |      48 |       0 |   0.0 |      22 |       0 |   0.0
            +---------+---------+-------+---------+---------+-------
        D:1 |      14 |       0 |   0.0 |      10 |       0 |   0.0
        D:2 |      34 |       0 |   0.0 |      12 |       0 |   0.0
            +---------+---------+-------+---------+---------+-------
